[Event "*** Titled Tuesday 3|2 Blitz"]
[Site "Chess.com"]
[Date "2016.06.07"]
[Round "8"]
[White "AlexanderL"]
[Black "yopino"]
[Result "1-0"]
[WhiteElo "2581"]
[BlackElo "2268"]
[TimeControl "180+2"]
[EndTime "18:39:28 PDT"]
[Termination "AlexanderL won by resignation"]

1. d4 Nf6 2. c4 e6 3. Nc3 Bb4 4.
Qc2 O-O 5. Nf3 c5 6. dxc5 Bxc5 7.
Bg5 Be7 8. e4 Nc6 9. Rd1 h6 10.
Bh4 b6 11. Be2 Bb7 12. O-O Qb8 13. Bg3 d6 14. Nd4 Nxd4 15. Rxd4 Rc8 16. Rfd1 e5 17.
R4d2 Qc7 18. b3 Qc5 19. Kf1 Qc6 20. f3 Nh5 21. Bf2 Nf4 22. Nb5 Rd8 23. a4 h5 24.
Kg1 Rd7 25. Bf1 h4 26. Nc3 Ne6 27. Be3 Bg5 28. Bxg5 Qc5+ 29. Kh1 Nxg5 30. Nb5 Rad8 31. Nxa7 Bxe4 32. fxe4 Rxa7 33. Rd5 Qe3 34. Rxd6 Rxd6 35. Rxd6 Nxe4 36. Rd8+ Kh7 37. Qd3 Qe1 38. Qe2 Qxe2 39. Bxe2 Nc3 40. Bg4 Kg6 41. Rd6+ f6 42. Rxb6 Kg5 43.
h3 1-0

[Event "*** Titled Tuesday 3|2 Blitz"]
[Site "Chess.com"]
[Date "2016.06.07"]
[Round "8"]
[White "saraswathii"]
[Black "UltimateCrusher2"]
[Result "0-1"]
[WhiteElo "1965"]
[BlackElo "2110"]
[TimeControl "180+2"]
[EndTime "18:39:31 PDT"]
[Termination "UltimateCrusher2 won by resignation"]

1. e4 g6 2. Nf3 Bg7 3. d3 d6 4. g3 c5 5. Bg2 Nc6 6. O-O Nf6 7. c3 Rb8 8. Qe2 b5 9. a3 e5 10. b4 cxb4 11. axb4 O-O 12. Be3 a5 13. bxa5 Nxa5 14. Nbd2 Nc6 15. h3 b4 16. cxb4 Nxb4 17. Nc4 Be6 18.
Ng5 Bxc4 19. dxc4 Nd7 20. Rfd1 Qe7 21. Qd2 Nc5 22. Qxd6 Qxd6 23. Rxd6 Nb3 24. Rb1 Nc2 25. Bb6 Nbd4 26. c5 Rfc8 27. Rd1 h6 28. Nf3 Nxf3+ 29.
Bxf3 h5 30. Be2 Bf8 31. R6d5 Nd4 32. Bc4 Rc6 33. Rxe5 Nf3+ 34. Kg2 Nxe5 35. Bd5 Rcc8 36. f4 Nd7 37. Ba7 Rb2+ 38. Kf3 Nxc5 0-1

[Event "*** Titled Tuesday 3|2 Blitz"]
[Site "Chess.com"]
[Date "2016.06.07"]
[Round "8"]
[White "Ksenia_Legenko"]
[Black "FearlessKing64"]
[Result "1-0"]
[WhiteElo "2067"]
[BlackElo "2087"]
[TimeControl "180+2"]
[EndTime "18:39:39 PDT"]
[Termination "Ksenia_Legenko won by resignation"]

1. d4 Nf6 2. c4 g6 3. Nc3 d5 4.
cxd5 Nxd5 5. e4 Nxc3 6. bxc3 Bg7 7. Bc4 c5 8. Ne2 Nc6 9. Be3 O-O 10. O-O Bg4 11. f3 cxd4 12. cxd4 Na5 13. Bxf7+ Rxf7 14. fxg4 Rxf1+ 15. Kxf1 e5 16. d5 Nc4 17. Bf2 Qf6 18.
Kg1 Rf8 19. Qe1 a6 20. a4 b5 21. axb5 axb5 22. Rb1 Nd2 23. Qxd2 Qxf2+ 24. Kh1 Bh6 25. Qd3 b4 26. Ng1 Qd4 27. Qxd4 exd4 28. Nf3 d3 29. g5 Bg7 30. e5 Rb8 31. Kg1 Bf8 32. d6 Kf7 33.
Kf2 Ke6 34. Ke3 h6 35. h4 hxg5 36. hxg5 Bg7 37. Kxd3 Rb5 38. Nd4+ 1-0

[Event "*** Titled Tuesday 3|2 Blitz"]
[Site "Chess.com"]
[Date "2016.06.07"]
[Round "8"]
[White "hermionegrangermagic"]
[Black "Kawhi_Leonard2"]
[Result "1-0"]
[WhiteElo "2289"]
[BlackElo "2040"]
[TimeControl "180+2"]
[EndTime "18:39:48 PDT"]
[Termination "hermionegrangermagic won on time"]

1. e4 c5 2. Nf3 d6 3. d4 cxd4 4. Nxd4 Nf6 5. Nc3 g6 6. Be3 Bg7 7. f3 O-O 8. Qd2 Nc6 9. O-O-O d5 10. Kb1 Nxd4 11. e5 Nf5 12. exf6 exf6 13. Bc5 d4 14. Bxf8 Qxf8 15. Nb5 Ne3 16. Re1 Bh6 17. Qxd4 Bf5 18. Bd3 Rd8 19. Qc3 Bxd3 20. cxd3 Nxg2 21. Re2 Nf4 22. Rc2 a6 23. Nc7 f5 24. Rd1 Bg7 25.
d4 Qd6 26. Qe3 Bxd4 27. Qb3 b5 28. a4 b4 29. Rc4 Qe5 30. Qxb4 1-0

[Event "*** Titled Tuesday 3|2 Blitz"]
[Site "Chess.com"]
[Date "2016.06.07"]
[Round "8"]
[White "MaestroASK"]
[Black "ilya261991"]
[Result "1-0"]
[WhiteElo "2475"]
[BlackElo "2504"]
[TimeControl "180+2"]
[EndTime "18:39:51 PDT"]
[Termination "MaestroASK won by resignation"]

1. d4 Nf6 2. Bg5 g6 3. Bxf6 exf6 4. e3 f5 5. h4 Bg7 6. g3 c5 7. c3 Nc6 8. dxc5 Qa5 9. Qd5 b6 10. Bc4 O-O 11. cxb6 Qxb6 12. Qb5 Ne5 13. Qxb6 axb6 14. Be2 Bb7 15. f3 Rfe8 16. Rh2 Bh6 17. f4 Ng4 18. Bxg4 fxg4 19. Kd2 Ra5 20. Ne2 Rea8 21. a3 Rb5 22. b4 Re8 23. Nd4 Rd5 24. c4 Rd6 25. Nc3 Bg7 26. Nb5 Rf6 27. Re2 Rc8 28. Rc1 d5 29.
cxd5 Rxc1 30. Kxc1 Bxd5 31. Rc2 h5 32. Rc8+ Kh7 33. Kd2 Be4 34. a4 Bg2 35. Rd8 Bc6 36. Kd3 Bxb5+ 37. axb5 Bh6 38. e4 Bxf4 39. gxf4 g3 40. Ne2 g2 41. Ke3 Re6 42. Rd7 Kg7 43. Kf3 Re8 44. e5 Rc8 45. Kxg2 Rc4 46. e6 Rxb4 47.
Rxf7+ Kg8 48. Kf3 Rxb5 49. Rb7 Kf8 50. Nd4 Rb1 51. Nc6 Re1 52. Ne5 g5 53. hxg5 h4 54.
Kg4 1-0

[Event "*** Titled Tuesday 3|2 Blitz"]
[Site "Chess.com"]
[Date "2016.06.07"]
[Round "8"]
[White "Iball95"]
[Black "AllStarShark"]
[Result "1/2-1/2"]
[WhiteElo "2451"]
[BlackElo "2151"]
[TimeControl "180+2"]
[EndTime "18:39:55 PDT"]
[Termination "Game drawn by stalemate"]

1. e4 c6 2. d4 d5 3. Nd2 dxe4 4. Nxe4 Nf6 5. Nxf6+ exf6 6. c3 Bf5 7. Bc4 Bd6 8. Qb3 Qe7+ 9. Be3 O-O 10. O-O-O b5 11. Bd3 Bxd3 12. Rxd3 Qe4 13. Rd1 a5 14. Nf3 a4 15.
Qc2 Qxc2+ 16. Kxc2 Nd7 17. h3 Nb6 18. Rhe1 Nc4 19. Bc1 Rfe8 20. Nd2 Nb6 21. Ne4 Bf8 22. Bf4 f5 23. Nd6 Bxd6 24. Bxd6 Nc4 25. Bc5 f6 26.
Kb1 Kf7 27. b3 axb3 28. axb3 Nd2+ 29. Kb2 Ne4 30. f3 Nxc5 31. dxc5 Rxe1 32. Rxe1 Re8 33.
Rxe8 Kxe8 34. Ka3 Kd7 35. Kb4 Ke6 36. c4 bxc4 37. Kxc4 g5 38. b4 Kd7 39. b5 h5 40.
bxc6+ Kxc6 41. Kd4 h4 42. Kc4 f4 43. Kd4 f5 44.
Kc4 g4 45. Kd4 gxh3 46. gxh3 Kc7 47. Kd5 Kd7 48. Ke5 Kc6 49. Kxf5 Kxc5 50. Kxf4 Kd6 51. Kg5 Ke7 52. Kxh4 Kf6 53. Kg4 Kg6 54. Kf4 Kf6 55. h4 Kg6 56. Ke5 Kf7 57. f4 Ke7 58. Kf5 Kf7 59. h5 Kg7 60. Ke6 Kf8 61. Kf6 Kg8 62. Ke7 Kg7 63. f5 Kh7 64. f6 Kg8 65. f7+ Kh7 66.
f8=Q 1/2-1/2

[Event "*** Titled Tuesday 3|2 Blitz"]
[Site "Chess.com"]
[Date "2016.06.07"]
[Round "8"]
[White "OldweakGM"]
[Black "matej2221"]
[Result "0-1"]
[WhiteElo "2606"]
[BlackElo "2514"]
[TimeControl "180+2"]
[EndTime "18:40:20 PDT"]
[Termination "matej2221 won by resignation"]

1. Nf3 d5 2. d4 Nf6 3. c3 Bf5 4. Bf4 e6 5. e3 Bd6 6. Bg3 O-O 7.
Bd3 Bxd3 8. Qxd3 Nbd7 9. Nbd2 Qe7 10. Ne5 Bxe5 11. dxe5 Nh5 12. Nf3 Nxg3 13. hxg3 h6 14. O-O f6 15. exf6 Rxf6 16. c4 c6 17. Rac1 Raf8 18. Qe2 Nc5 19. Ne5 Ne4 20. Nd3 Qf7 21. g4 Qg6 22. Ne5 Qg5 23. f4 Ng3 24. Qf3 Nxf1 25. Rxf1 Qxe5 26. fxe5 Rxf3 27. gxf3 dxc4 28. f4 Rd8 29. Rc1 b5 30. b3 Rd3 31.
bxc4 Rxe3 32. cxb5 cxb5 33. Kf2 Ra3 34. Rc8+ Kh7 35. Rc6 Rxa2+ 36. Kf3 Ra3+ 37. Ke4 Ra4+ 38. Ke3 b4 39. f5 exf5 40. e6 b3 41. Kd3 b2 42. Kc2 Rxg4 43. Kxb2 Re4 44. Kc3 Kg6 45. Kd3 Kf6 46. Ra6 Rxe6 47. Rxa7 g5 48. Rh7 Kg6 0-1

[Event "*** Titled Tuesday 3|2 Blitz"]
[Site "Chess.com"]
[Date "2016.06.07"]
[Round "8"]
[White "Danirod"]
[Black "aspired"]
[Result "1-0"]
[WhiteElo "2446"]
[BlackElo "2474"]
[TimeControl "180+2"]
[EndTime "18:40:30 PDT"]
[Termination "Danirod won on time"]

1. e4 e5 2. Nf3 d6 3. d4 exd4 4. Qxd4 Nf6 5. Nc3 Be7 6. Bg5 Nc6 7. Qd2 h6 8. Bf4 Be6 9. Nd4 Nxd4 10. Qxd4 O-O 11.
Bd3 Nh5 12. Bd2 Bf6 13. Qe3 Bg5 14. Qe2 Nf4 15. Qf3 Nxd3+ 16. Qxd3 Bxd2+ 17. Qxd2 Re8 18. O-O Qg5 19. f4 Qc5+ 20. Kh1 f5 21. Rae1 Qc6 22. e5 Rad8 23. Qf2 Bc4 24. Rg1 dxe5 25. Rxe5 Rxe5 26. fxe5 Be6 27. Qe3 a6 28. h3 b5 29. a3 a5 30. Rc1 f4 31. Qxf4 Bxh3 32. Ne4 Rf8 33. Qe3 Bf5 34. Nc5 Re8 35. b4 axb4 36. axb4 Qd5 37.
Re1 Bxc2 38. e6 Bf5 39. e7 Bg6 40. Qf4 c6 41. Qc7 Qd4 42. Qg3 1-0

[Event "*** Titled Tuesday 3|2 Blitz"]
[Site "Chess.com"]
[Date "2016.06.07"]
[Round "8"]
[White "AleksandrKholin"]
[Black "attack2mateU"]
[Result "1-0"]
[WhiteElo "2139"]
[BlackElo "2411"]
[TimeControl "180+2"]
[EndTime "18:40:40 PDT"]
[Termination "AleksandrKholin won by resignation"]

1. Nf3 c5 2. g3 Nc6 3. c4 g6 4.
Bg2 Bg7 5. O-O e5 6. Nc3 Nge7 7. Rb1 O-O 8. e4 d6 9. d3 f5 10. a3 a5 11. Ne1 f4 12. Nc2 g5 13. f3 h5 14. b4 axb4 15. axb4 b6 16. Nd5 Nxd5 17.
cxd5 Nd4 18. bxc5 bxc5 19. Nxd4 cxd4 20. Bd2 Ra3 21. Bb4 Ra6 22. Rf2 Rf6 23. Rfb2 g4 24.
Be1 Rg6 25. Rb8 fxg3 26. hxg3 Kh7 27. Rc1 Ra2 28. Rbxc8 Qg5 29. R8c2 Rxc2 30. Rxc2 gxf3 31. Bxf3 h4 32. Rh2 Bh6 33. g4 Rf6 34. Kg2 Qe3 35. Bxh4 Rg6 36. Bf2 Qf4 37. Bg3 Qe3 38.
Qe2 Qc1 39. Rh1 Qg5 40. Rh5 Qe7 41. Bh4 Qg7 42. Rf5 Bf4 43. Rh5+ Kg8 44. Kh3 Rh6 45. Rxh6 Qxh6 46. Qf2 Kg7 47. Kg2 Be3 48. Qe1 Bf4 49.
Bg3 Be3 50. Qh1 Qf6 51. Qh5 Qd8 52. g5 Bxg5 53. Bg4 Qf6 54. Bf5 Qh6 55. Qxh6+ Bxh6 56. Kf3 Kf6 57. Kg4 Be3 58. Bh4+ Kf7 59. Kh5 Bf4 60. Bg6+ Kf8 61. Bg5 Bg3 62. Kg4 Be1 63. Kf5 1-0

[Event "*** Titled Tuesday 3|2 Blitz"]
[Site "Chess.com"]
[Date "2016.06.07"]
[Round "8"]
[White "Boryboy"]
[Black "gmjoey1"]
[Result "0-1"]
[WhiteElo "2549"]
[BlackElo "2544"]
[TimeControl "180+2"]
[EndTime "18:40:56 PDT"]
[Termination "gmjoey1 won on time"]

1. d4 Nf6 2. Nf3 e6 3. g3 b6 4. Bg2 Bb7 5. c4 Bb4+ 6. Bd2 Be7 7.
O-O c5 8. d5 exd5 9. cxd5 Bxd5 10. Nc3 Bc6 11. Re1 Ne4 12. Ne5 Nxc3 13. Nxc6 Nxc6 14. Bxc3 O-O 15. e4 Nd4 16. Bxd4 cxd4 17. Qxd4 Bc5 18. Qd2 Qe7 19. a3 a5 20. Rad1 Rad8 21.
Qe2 Kh8 22. Rd5 d6 23. Bh3 Qf6 24. Qd2 a4 25. Kg2 Ra8 26. f4 Qh6 27. Bg4 Ra5 28. Bd1 Qf6 29. e5 dxe5 30. Rexe5 h6 31. Bc2 g6 32. h4 h5 33. Qd3 Qc6 34. Kh2 Kg8 35. Rxh5 Re8 36. Rhg5 Re1 37. h5 Qe6 38. Rde5 Rh1+ 39.
Kg2 Qh3+ 40. Kf3 Rf1+ 41. Qxf1 Qxf1+ 42. Ke4 Qe2+ 43. Kd5 Qxc2 44. hxg6 Be7+ 45. Kd4 Bxg5 46. gxf7+ Kxf7 0-1

[Event "*** Titled Tuesday 3|2 Blitz"]
[Site "Chess.com"]
[Date "2016.06.07"]
[Round "8"]
[White "Andrejkin"]
[Black "BikingBrian"]
[Result "1/2-1/2"]
[WhiteElo "2114"]
[BlackElo "2092"]
[TimeControl "180+2"]
[EndTime "18:41:03 PDT"]
[Termination "Game drawn by agreement"]

1. d4 Nf6 2. c4 g6 3. Nc3 Bg7 4. e4 d6 5. Nf3 O-O 6. Be2 Na6 7. O-O e5 8. dxe5 dxe5 9. Be3 Qe7 10. h3 c6 11. Qc2 Nh5 12. a3 f5 13. b4 f4 14. Bc1 Be6 15. Bb2 g5 16. Nxe5 Bxe5 17. Bxh5 Bxc4 18. Rfd1 Rad8 19. Na4 Bb5 20. Bxe5 Qxe5 21.
Bf3 Bxa4 22. Qxa4 c5 23. b5 Nc7 24. Qxa7 Nxb5 25. Qxb7 Nd4 26. Bg4 f3 27. gxf3 Ne2+ 28. Kf1 Rxd1+ 29. Rxd1 Nd4 30. Qd5+ Qxd5 31. exd5 Ra8 32.
Rc1 Rxa3 33. Rxc5 Nxf3 34. Kg2 Ne5 35. d6 Nxg4 36. Rxg5+ Kf7 37. hxg4 Rd3 38. Rf5+ Kg6 39. f3 Rxd6 40. Kg3 Rd4 41. Rf4 Rd1 42. Ra4 Rd6 43.
Kf4 h5 44. Ra8 hxg4 45. Kxg4 Kf7 46. f4 Rb6 47. f5 Rc6 48. Kg5 Rb6 49. Ra7+ Kf8 50.
Rh7 Ra6 51. Rh1 Rb6 52. Rg1 Ra6 53. Rg4 Rb6 54. Rh4 Ra6 55. Rh7 Rb6 56. f6 Rb1 57.
Kg6 Rg1+ 58. Kf5 Rf1+ 59. Ke6 Re1+ 60. Kf5 1/2-1/2

[Event "*** Titled Tuesday 3|2 Blitz"]
[Site "Chess.com"]
[Date "2016.06.07"]
[Round "8"]
[White "anon102030"]
[Black "Keaton87"]
[Result "1/2-1/2"]
[WhiteElo "2518"]
[BlackElo "2483"]
[TimeControl "180+2"]
[EndTime "18:41:37 PDT"]
[Termination "Game drawn - insufficient material"]

1. e4 c5 2. Nc3 a6 3. g3 b5 4. Bg2 Bb7 5. d3 e6 6. Be3 b4 7. Nce2 d5 8. exd5 Bxd5 9. Nf3 Nf6 10. a3 a5 11. O-O Be7 12. Nf4 Bc6 13. axb4 axb4 14.
Rxa8 Bxa8 15. d4 cxd4 16. Qxd4 Qxd4 17. Bxd4 O-O 18. Ne5 Bxg2 19. Kxg2 Rd8 20. c3 bxc3 21. bxc3 Nfd7 22. Nxd7 Nxd7 23. Rb1 g5 24. Nd3 Rb8 25. Rxb8+ Nxb8 26. c4 Nc6 27. Bc3 f6 28. f4 gxf4 29. gxf4 Kf7 30. Kf3 Kg6 31. Ke4 f5+ 32. Kf3 Bd6 33.
c5 Be7 34. h3 h5 35. Ke3 Kf7 36. Kd2 Ke8 37. Kc2 Kd7 38. Kb3 Bh4 39. Kc4 Bg3 40. Be5 Bh2 41. Kb5 Bg1 42. Kb6 Be3 43.
Bf6 Bg1 44. Ne5+ Nxe5 45. Bxe5 Be3 46. Bd6 Bf2 47. Kb7 Bxc5 48. Bxc5 e5 49. fxe5 Ke6 50. Bd4 Kd5 51. Kc7 f4 52. e6 Kxe6 53. Bf2 Kd5 54. Kd7 Ke4 55. Ke6 Kf3 56. Be1 h4 57. Bxh4 Kg2 58.
Bg5 Kxh3 59. Bxf4 1/2-1/2

[Event "*** Titled Tuesday 3|2 Blitz"]
[Site "Chess.com"]
[Date "2016.06.07"]
[Round "8"]
[White "chesstatour"]
[Black "akinov-akinseye"]
[Result "1-0"]
[WhiteElo "2003"]
[BlackElo "1714"]
[TimeControl "180+2"]
[EndTime "18:42:57 PDT"]
[Termination "chesstatour won by checkmate"]

1. c4 e5 2. Nc3 Nf6 3. Nf3 Nc6 4. d4 exd4 5. Nxd4 Nxd4 6. Qxd4 Be7 7. e4 d6 8. Be2 O-O 9. O-O a6 10. h3 Be6 11. Be3 Re8 12. Rfd1 h6 13. Rac1 Qc8 14.
Nd5 Nxd5 15. cxd5 Bd7 16. Rc2 c5 17. dxc6 Bxc6 18. f3 Qd7 19. Bf4 Rad8 20. Qb6 Ba4 21. b3 Bb5 22. Rc7 Qe6 23. Bxb5 axb5 24. Qxb5 Qf6 25.
Be3 Qb2 26. Rd2 Qb1+ 27. Qf1 Qxf1+ 28. Kxf1 Rb8 29. Bf4 b5 30. Bxd6 Bxd6 31. Rxd6 Ra8 32. Rdd7 Rf8 33. Ra7 Rab8 34. Ke2 b4 35. Ke3 Rbc8 36.
Rd3 Rc1 37. g4 Re1+ 38. Kf4 Rh1 39. Rd4 Rxh3 40. Rxb4 g5+ 41. Ke3 h5 42. Rb5 hxg4 43. Rxg5+ Kh7 44. Rxg4 Rh1 45. Ra5 f6 46. Kf4 Rh2 47.
Ra7+ Kh6 48. a4 Rh5 49. Ra6 Rf7 50. b4 Kh7 51. Kg3 Rh1 52. Rh4+ Rxh4 53. Kxh4 Kg6 54. Kg4 Rb7 55. b5 Rg7 56. Kf4 Rb7 57. Rc6 Kf7 58.
b6 Kg6 59. a5 Rb8 60. a6 Rh8 61. b7 Rh4+ 62. Kg3 Rh1 63. b8=Q Rg1+ 64. Kf2 Rb1 65.
Qg3+ Kf7 66. Rc7+ Ke6 67. Qg4+ Kd6 68. Qd7+ Ke5 69. Rc5+ Kf4 70. Rf5# 1-0

[Event "*** Titled Tuesday 3|2 Blitz"]
[Site "Chess.com"]
[Date "2016.06.07"]
[Round "8"]
[White "Evgeny_Levin"]
[Black "jcibarra"]
[Result "1/2-1/2"]
[WhiteElo "2699"]
[BlackElo "2649"]
[TimeControl "180+2"]
[EndTime "18:43:45 PDT"]
[Termination "Game drawn by repetition"]

1. d4 Nf6 2. Nf3 g6 3. Bg5 Bg7 4. Nbd2 O-O 5. c3 d6 6. h3 Nbd7 7. e4 e5 8. Bd3 h6 9. Be3 b6 10. O-O Bb7 11. Re1 Re8 12. Qc2 Nh5 13. Bf1 Qf6 14.
a4 a6 15. Rad1 Rad8 16. Nc4 exd4 17. Bxd4 Qe7 18. Nfd2 Nf4 19. g3 Ne6 20. Bxg7 Nxg7 21. Ne3 Nf6 22. Ng4 Nxg4 23. hxg4 Qg5 24. Bh3 h5 25. gxh5 Nxh5 26. Nf3 Qf6 27. Bg2 Ng7 28. Re3 a5 29. Rde1 Re7 30. e5 dxe5 31. Rxe5 Rde8 32. Rxe7 Rxe7 33. Rxe7 Qxe7 34. Nd4 Bxg2 35. Kxg2 Qd7 36. b3 Qd5+ 37. Kg1 Ne6 38. Nxe6 Qxe6 39. Qd1 Kh7 40.
Kg2 Qe4+ 41. Kg1 Qe6 42. Kg2 Qe4+ 43. Kg1 Kg7 44. Kh2 Qe5 45. Qd2 Kf6 46. b4 Ke7 47.
Kg1 Qd6 48. Qe2+ Qe6 49. Qd2 Qe5 50. Kh2 Qe4 51. bxa5 bxa5 52. Qg5+ Kd7 53. Qxa5 Qf3 54. Qb5+ Kc8 55. Qc5 Kb7 56. a5 Ka6 57. Kg1 Qd1+ 58. Kg2 Qd7 59. c4 f6 60. Kg1 Qd1+ 61. Kg2 Qd7 62.
Qb4 Qc6+ 63. Kg1 f5 64. Kh2 g5 65. Qf8 Qf3 66. Kg1 Kxa5 67. Qc5+ Ka4 68. Qxc7 Kb4 69. c5 Qd1+ 70. Kg2 Qd5+ 71. Kh2 Qxc5 72. Qb7+ Kc4 73. Qf7+ Kd3 74. Kg1 Ke4 75. Qe6+ Kf3 76. Qe1 Qd4 77. Qf1 Ke4 78. Qe2+ Kd5 79. Qb5+ Ke6 80. Qa6+ Kf7 81. Qb7+ Kg6 82. Qc6+ Kf7 83. Qb7+ Kg6 84. Qc6+ Kf7 85. Qb7+ Kg6 86. Qc6+ Kf7 87. Qb7+ 1/2-1/2

[Event "*** Titled Tuesday 3|2 Blitz"]
[Site "Chess.com"]
[Date "2016.06.07"]
[Round "8"]
[White "Danhy"]
[Black "JusticeBot"]
[Result "1-0"]
[WhiteElo "2501"]
[BlackElo "2523"]
[TimeControl "180+2"]
[EndTime "18:43:49 PDT"]
[Termination "Danhy won on time"]

1. e4 e5 2. Nf3 Nc6 3. Bc4 Nf6 4. d4 exd4 5. O-O Nxe4 6. Re1 d5 7. Bxd5 Qxd5 8. Nc3 Qh5 9. Nxe4 Be6 10. Bg5 Bd6 11.
Nxd6+ cxd6 12. Bf4 Qd5 13. c3 Rc8 14. Rc1 O-O 15. Nxd4 Nxd4 16. Qxd4 Qxa2 17. Bxd6 Rfd8 18. Qb4 b6 19. Ra1 Qd5 20. Be5 Rd7 21. Bd4 Rc4 22.
Qa3 h6 23. Re5 Qb7 24. Rae1 Qc6 25. b3 Rxc3 26. Bxc3 Qxc3 27. R5e3 Qd2 28. b4 b5 29. Qc3 Bc4 30. Ra1 Kh7 31. h3 Qd6 32. Qe1 f5 33.
Rea3 Qb6 34. Qe5 Qd6 35. Qxf5+ g6 36. Qxd7+ Qxd7 37. Rxa7 Qxa7 38. Rxa7+ Kg8 39. f4 h5 40. Kf2 Bd5 41. Ke3 Bxg2 42. Kd4 Bxh3 43. Ke5 Bf1 44. f5 gxf5 45. Kxf5 h4 46. Kg4 h3 47. Kg3 Kf8 48.
Rc7 Ke8 49. Rb7 Kd8 50. Rf7 Bg2 51. Rf5 Bc6 52. Rf7 Bd7 53. Rh7 Kc7 54. Rh6 Bc8 55. Rh5 Bd7 56. Rd5 Kc6 57. Rc5+ Kd6 58. Kh2 Ke7 59.
Rc7 Kd6 60. Rc5 Ke7 61. Rh5 Kd6 62. Kg3 Kc6 63. Rh7 Be6 64. Re7 Kd6 65. Rb7 Bc4 66. Kxh3 Kd5 67. Rd7+ Ke4 68. Rd8 Bd5 69. Kg4 Kd4 70.
Kf4 Kc4 71. Ke5 Bg2 72. Rd4+ Kc3 73. Rg4 Bf1 74. Kd6 Kb3 75. Kc5 Ka4 76. Rg3 Bc4 77.
Rg2 Kb3 78. Rg3+ Ka4 79. Rg7 Bd3 80. Ra7+ Kb3 81. Ra5 Kc3 82. Rxb5 1-0

[Event "*** Titled Tuesday 3|2 Blitz"]
[Site "Chess.com"]
[Date "2016.06.07"]
[Round "8"]
[White "oskariot"]
[Black "1random"]
[Result "0-1"]
[WhiteElo "2402"]
[BlackElo "2129"]
[TimeControl "180+2"]
[EndTime "18:44:04 PDT"]
[Termination "1random won by checkmate"]

1. e4 Nf6 2. e5 Nd5 3. d4 d6 4.
Nf3 g6 5. Bc4 Nb6 6. Bb3 Bg7 7.
O-O O-O 8. h3 Nc6 9. exd6 cxd6 10. c4 e5 11. dxe5 dxe5 12. c5 Nd7 13. Be3 Qe7 14.
Nc3 Nxc5 15. Nd5 Qd6 16. Rc1 Nxb3 17. Qxb3 Be6 18. Rfd1 Nd4 19. Bxd4 exd4 20. Nxd4 Bxd5 21. Qa4 Rfd8 22. Nb5 Qe5 23. Nc7 Rac8 24. Nxd5 Rxc1 25. Rxc1 Qxd5 26. Qxa7 Bxb2 27. Rb1 Bd4 28. Qxb7 Qxb7 29.
Rxb7 Ra8 30. Rd7 Bg7 31. Rd2 h5 32. Rc2 Be5 33. g3 Kg7 34. Kg2 Kf6 35. h4 Kf5 36.
Rd2 Ra7 37. Rc2 Bd4 38. Rd2 Ke4 39. Re2+ Kd3 40. Kf3 f5 41. Re1 Rxa2 42. Rd1+ Rd2 43. Rf1 Bc5 44. Kg2 Rxf2+ 45. Rxf2 Bxf2 46. Kxf2 Ke4 47. Ke2 f4 48. Kf2 fxg3+ 49. Kxg3 Ke3 50. Kh3 Kf3 51. Kh2 Kg4 52. Kg2 Kxh4 53. Kh2 Kg4 54.
Kg2 h4 55. Kh2 h3 56. Kh1 Kg3 57. Kg1 g5 58. Kh1 g4 59. Kg1 Kf3 60. Kh1 Kf2 61. Kh2 g3+ 62. Kxh3 g2 63. Kg4 g1=Q+ 64. Kf4 Qa1 65. Ke4 Qa8+ 66. Kd3 Qh8 67. Kc4 Qh1 68. Kc5 Kg3 69. Kd6 Kf4 70. Ke6 Ke4 71. Kf6 Qa1+ 72. Ke6 Qa8 73. Kd6 Qh8 74. Kc5 Qe5+ 75. Kc6 Kd4 76.
Kd7 Kc5 77. Kc8 Qe7 78. Kb8 Qh7 79. Kc8 Kd6 80. Kb8 Kc6 81. Ka8 Qh8+ 82. Ka7 Qa1+ 83. Kb8 Qg7 84. Ka8 Kb6 85. Kb8 Qd7 86. Ka8 Qa4+ 87.
Kb8 Qc4 88. Ka8 Qa2+ 89. Kb8 Qc2 90. Ka8 Qc1 91. Kb8 Qc3 92. Ka8 Qc4 93. Kb8 Qc5 94. Ka8 Qc6+ 95. Kb8 Qc7+ 96. Ka8 Qd7 97. Kb8 Qe7 98.
Ka8 Kc7 99. Ka7 Qc5+ 100. Ka8 Qb5 101. Ka7 Qb8+ 102. Ka6 Qb4 103. Ka7 Qd4+ 104. Ka8 Qh4 105. Ka7 Qh6 106. Ka8 Qg6 107. Ka7 Qf6 108. Ka8 Qe6 109. Ka7 Qd6 110. Ka8 Qc6+ 111. Ka7 Qb6+ 112. Ka8 Qa5# 0-1

[Event "*** Titled Tuesday 3|2 Blitz"]
[Site "Chess.com"]
[Date "2016.06.07"]
[Round "9"]
[White "Quiet_Desperation"]
[Black "chesstatour"]
[Result "0-1"]
[WhiteElo "2270"]
[BlackElo "2016"]
[TimeControl "180+2"]
[EndTime "18:47:35 PDT"]
[Termination "chesstatour won by checkmate"]

1. e4 c6 2. d4 d5 3. e5 Bf5 4.
Nf3 e6 5. Be2 c5 6. O-O Nc6 7.
c3 cxd4 8. Nxd4 Nxd4 9. cxd4 Ne7 10. Nc3 Nc6 11. Be3 Be7 12. f4 O-O 13. g4 Be4 14. Nxe4 dxe4 15. f5 Bg5 16. Bxg5 Qxg5 17. f6 Qe3+ 18.
Kh1 Nxd4 19. Bc4 Rad8 20. Qa4 b5 21. Bxb5 Nxb5 22. Qxb5 Rd2 23. fxg7 Kxg7 24. Rae1 Qh3 25. Re2 Qxf1# 0-1

[Event "*** Titled Tuesday 3|2 Blitz"]
[Site "Chess.com"]
[Date "2016.06.07"]
[Round "9"]
[White "Fandorine"]
[Black "MinhGTrAn"]
[Result "1/2-1/2"]
[WhiteElo "2620"]
[BlackElo "2662"]
[TimeControl "180+2"]
[EndTime "18:48:29 PDT"]
[Termination "Game drawn by agreement"]

1. e4 c5 2. Nf3 d6 3. d4 cxd4 4. Qxd4 Nc6 5. Bb5 Bd7 6. Qd3 Nf6 7. c4 g6 8. O-O Bg7 9. Nc3 O-O 10.
h3 Rc8 11. Be3 a6 12. Bxc6 Bxc6 13. Nd4 Nd7 14. Rac1 Nc5 15. Qc2 Ne6 16. Qd2 Qa5 17. Rfd1 Rfe8 18. Nxe6 fxe6 19. Bd4 Bxd4 20. Qxd4 e5 21.
Qd2 Kg7 22. a3 b5 23. cxb5 axb5 1/2-1/2

[Event "*** Titled Tuesday 3|2 Blitz"]
[Site "Chess.com"]
[Date "2016.06.07"]
[Round "9"]
[White "attack2mateU"]
[Black "UltimateCrusher2"]
[Result "1-0"]
[WhiteElo "2415"]
[BlackElo "2107"]
[TimeControl "180+2"]
[EndTime "18:48:52 PDT"]
[Termination "attack2mateU won by checkmate"]

1. e4 b6 2. d4 Bb7 3. Bd3 e6 4. Ne2 Nf6 5. Nbc3 c5 6. d5 exd5 7. exd5 Nxd5 8. Nxd5 Bxd5 9. O-O Be6 10. Nf4 Be7 11.
Re1 Nc6 12. Qh5 g6 13. Nxg6 hxg6 14. Qxh8+ Bf8 15. Bh6 Qe7 16. Bxf8 Qxf8 17. Qf6 Qe7 18. Qf4 O-O-O 19. Ba6# 1-0

[Event "*** Titled Tuesday 3|2 Blitz"]
[Site "Chess.com"]
[Date "2016.06.07"]
[Round "9"]
[White "yopino"]
[Black "AleksandrKholin"]
[Result "1-0"]
[WhiteElo "2273"]
[BlackElo "2134"]
[TimeControl "180+2"]
[EndTime "18:49:09 PDT"]
[Termination "yopino won by resignation"]

1. e4 c5 2. Nc3 d6 3. Bb5+ Bd7 4. a4 g6 5. f4 Bg7 6. Nf3 Nh6 7. O-O O-O 8. d3 Nc6 9. Qe1 f5 10. Bc4+ e6 11.
exf5 Nxf5 12. Bxe6+ Bxe6 13. Qxe6+ Kh8 14. Ng5 Qe8 15.
Nb5 Nfd4 16. Qh3 h6 17. c3 Ne2+ 18. Kh1 Qc8 19. Ne6 Nxc1 20. Raxc1 Qd7 21. Nxf8 Qxh3 22. Nxg6+ Kh7 23. gxh3 1-0

[Event "*** Titled Tuesday 3|2 Blitz"]
[Site "Chess.com"]
[Date "2016.06.07"]
[Round "9"]
[White "Yaacovn"]
[Black "Danirod"]
[Result "0-1"]
[WhiteElo "2600"]
[BlackElo "2458"]
[TimeControl "180+2"]
[EndTime "18:49:25 PDT"]
[Termination "Danirod won by resignation"]

1. d4 Nf6 2. Nf3 e6 3. c4 Bb4+ 4. Bd2 Qe7 5. g3 Bxd2+ 6. Qxd2 Nc6 7. Nc3 d5 8. Bg2 O-O 9. cxd5 exd5 10. O-O Bf5 11. Qf4 Be4 12. Ne5 Nxd4 13. Rad1 Ne6 14. Qh4 Bxg2 15. Kxg2 Rfd8 16. Ng4 g5 17. Nxf6+ Qxf6 18. Qb4 d4 19. Ne4 Qe5 20. Qxb7 Rab8 21. Qc6 Rxb2 22.
Kg1 Rxe2 23. Rfe1 Rxe1+ 24. Rxe1 d3 25. Qc1 Nd4 26. Kg2 h6 27. Qc4 d2 0-1

[Event "*** Titled Tuesday 3|2 Blitz"]
[Site "Chess.com"]
[Date "2016.06.07"]
[Round "9"]
[White "sandropozo"]
[Black "GianmarcoVaR"]
[Result "1-0"]
[WhiteElo "2403"]
[BlackElo "2352"]
[TimeControl "180+2"]
[EndTime "18:49:27 PDT"]
[Termination "sandropozo won by resignation"]

1. d4 Nf6 2. Nf3 e6 3. c4 b6 4.
g3 Bb7 5. Bg2 Be7 6. O-O O-O 7.
Bf4 d6 8. Nc3 Ne4 9. Qc2 Nxc3 10. Qxc3 Nd7 11. b4 Bf6 12. Qc2 Rb8 13. Rad1 Qe7 14.
h4 e5 15. dxe5 dxe5 16. Ng5 Bxg5 17. Bxg5 f6 18. Bxb7 Rxb7 19. Be3 Rd8 20. c5 Nf8 21. Rxd8 Qxd8 22. Rd1 Qe8 23. Qb3+ Qe6 24. Rd8 Kf7 25. Rxf8+ 1-0

[Event "*** Titled Tuesday 3|2 Blitz"]
[Site "Chess.com"]
[Date "2016.06.07"]
[Round "9"]
[White "Viaje"]
[Black "akinov-akinseye"]
[Result "0-1"]
[WhiteElo "2089"]
[BlackElo "1729"]
[TimeControl "180+2"]
[EndTime "18:49:44 PDT"]
[Termination "akinov-akinseye won by resignation"]

1. d4 Nf6 2. c4 e5 3. dxe5 Ng4 4. Bf4 g5 5. Bg3 Nc6 6. Nf3 Bg7 7. h4 Ngxe5 8. Nxe5 Nxe5 9. Nc3 g4 10. h5 h6 11. Bh4 Bf6 12. Bxf6 Qxf6 13. Nd5 Qd8 14.
Qd4 d6 15. f4 gxf3 16. exf3 c6 17. Nc3 Qb6 18. Qxd6 Qe3+ 19. Be2 Nxc4 20. Qf6 Rg8 21. Rd1 Be6 22. Ne4 Rxg2 23. Nd6+ Kf8 24. Qh8+ Ke7 0-1